 Dungeon Crawl Stone Soup version 0.29.1-15-g9cfb28693d (webtiles) character file.

Game seed: 16991260347347224310

5885 ThatPearl the Fighter (level 10, -1/102 HPs)
             Began as a Gargoyle Monk on Mar 17, 2023.
             Was an Elder of Cheibriados.
             Slain by an eight-headed hydra (8 damage)
             ... on level 1 of the Lair of Beasts.
             The game lasted 00:32:03 (12338 turns).

ThatPearl the Fighter (Gargoyle Monk)              Turns: 12338, Time: 00:32:04

Health: -1/102     AC: 22    Str: 31    XL:     10   Next: 82%
Magic:  11/15      EV: 14    Int: 23    God:    Cheibriados [****..]
Gold:   532        SH:  5    Dex: 21    Spells: 2/9 levels left

rFire   . . .      SeeInvis .   H - +0 spear (vorpal)
rCold   . . .      Faith    .   (no shield)
rNeg    + . .      Spirit   .   O - +0 steam dragon scales
rPois   ∞          Reflect  +   j - +2 helmet
rElec   +          Harm     .   K - +0 cloak
rCorr   +          Rampage  .   F - +0 pair of gloves
Will    .....                   f - +2 pair of boots
Stlth   ..........              q - amulet of reflection
HPRegen 0.27/turn               k - ring of resist corrosion
MPRegen 0.14/turn               I - +6 ring of strength

@: berserking, very slow
A: sickness immunity, AC +7, negative energy resistance 1, electricity
resistance, torment resistance 1, petrification resistance
a: Renounce Religion, Bend Time, Temporal Distortion, Slouch


You were on level 1 of the Lair of Beasts.
You worshipped Cheibriados.
Cheibriados was greatly pleased with you.
You visited 3 branches of the dungeon, and saw 11 of its levels.
You also visited: Sewer.

You collected 532 gold pieces.

Inventory:

Hand Weapons
 a - a +0 war axe
 b - a +0 shortbow
 g - a +3 battleaxe of freezing
 H - a +0 vorpal spear (weapon)
Missiles
 t - 2 curare-tipped darts
 u - 18 poisoned darts (quivered)
 L - 5 boomerangs
Armour
 f - a +2 pair of boots (worn)
 j - a +2 helmet (worn)
 p - a +0 buckler
 F - a +0 pair of gloves (worn)
 K - a +0 cloak (worn)
 O - +0 steam dragon scales (worn)
Jewellery
 k - a ring of resist corrosion (left hand)
 q - an amulet of reflection (around neck)
 s - the amulet of Life {RegenMP rC+}
   (You took it off a gnoll on level 6 of the Dungeon)

   [amulet of magic regeneration]

   It increases your rate of magic regeneration.
   rC:        It protects you from cold.
 I - a +6 ring of strength (right hand)
 J - a +6 ring of intelligence
 M - a ring of ice
Wands
 x - a wand of light (8)
 G - a wand of polymorph (10)
Scrolls
 d - a scroll of noise
 i - a scroll of enchant armour
 m - a scroll of butterflies {unknown}
 o - a scroll of torment
 v - 3 scrolls of vulnerability
 y - 3 scrolls of teleportation
 A - a scroll of fear {unknown}
 C - a scroll of silence {unknown}
 E - a scroll of poison {unknown}
Potions
 c - 3 potions of ambrosia
 e - a potion of lignification {unknown}
 h - 3 potions of heal wounds
 l - 2 potions of might
 n - 2 potions of magic
 r - a potion of flight
 w - 2 potions of mutation
 z - a potion of resistance {unknown}
 B - 3 potions of curing


   Skills:
 + Level 10.2 Fighting
 + Level 8.5 Axes
 + Level 4.4 Armour
 + Level 3.4 Dodging
 - Level 2.1 Stealth
 - Level 5.8 Shields
 + Level 0.0 Earth Magic
 + Level 6.9 Invocations


You had 2 spell levels left.
You knew the following spells:

 Your Spells              Type           Power      Damage    Failure   Level
a - Animate Armour        Summ/Erth      0%         N/A       83%         4
s - Stone Arrow           Conj/Erth      0%         3d7       43%         3

Your spell library contained the following spells:

 Spells                   Type           Power      Damage    Failure   Level
 Apportation              Tloc           0%         N/A       16%         1
 Freeze                   Ice            0%         1d3       16%         1
 Necrotise                Necr           0%         1d4       16%         1
 Summon Small Mammal      Summ           0%         N/A       16%         1
 Fulminant Prism          Conj/Hex       0%         3d6       83%         4
 Iskenderun's Mystic Bla  Conj/Tloc      0%         2d3       83%         4
 Lee's Rapid Deconstruct  Erth           0%         3d5*      99%         5
 Summon Hydra             Summ           0%         N/A       100%        7
 Lehudib's Crystal Spear  Conj/Erth      0%         10d2      100%        8
 Summon Horrible Things   Summ           0%         N/A       100%        8


Dungeon Overview and Level Annotations

Branches:
Dungeon (9/15)             Temple (1/1) D:4            Lair (1/5) D:8
  Sewer (visited)
    Orc: D:9-12

Altars:
Ashenzari
Cheibriados
Dithmenos
Fedhas
Hepliaklqana
Kikubaaqudgha
Makhleb
Nemelex Xobeh
Okawaru
Qazlal
Ru
Trog
Uskayaw
Vehumet
Wu Jian
Xom
Yredelemnul
The Shining One

Shops:
D:3 (   D:9 (

Annotations:
D:8 1 runed translucent door, croobank's ghost, novice OpDe
Lair:1 exclusion: hydra, Erica


Innate Abilities, Weirdness & Mutations

You are immune to sickness and miasma.
Your stone body is resilient. (AC +7)
You are immune to poison.
You resist negative energy. (rN+)
You are resistant to electric shocks. (rElec)
You are resistant to unholy torment.
You are immune to petrification.


Message History

The six-headed hydra bites you but does no damage.
The six-headed hydra misses you.
The six-headed hydra bites you but does no damage.
The six-headed hydra completely misses you.
The six-headed hydra bites you but does no damage. x2
You barely miss the six-headed hydra.
The six-headed hydra is almost dead.
Unknown command.
You hit the six-headed hydra but do no damage.
The six-headed hydra is almost dead.
The six-headed hydra bites you.
The six-headed hydra bites you but does no damage.
The six-headed hydra completely misses you.
The six-headed hydra barely misses you.
The six-headed hydra closely misses you.
The six-headed hydra bites you. Something hits you but does no damage.
A red film seems to cover your vision as you go berserk!
Cheibriados forces you to slow down.
You feel mighty! The six-headed hydra bites you. x3
The six-headed hydra barely misses you. The six-headed hydra bites you.
The six-headed hydra bites you! Something hits you!
* * * LOW HITPOINT WARNING * * *
Something burns you.
* * * LOW HITPOINT WARNING * * *
You barely miss the six-headed hydra.
The six-headed hydra is almost dead.
The six-headed hydra misses you.
The six-headed hydra bites you but does no damage.
The six-headed hydra bites you!
* * * LOW HITPOINT WARNING * * *
The six-headed hydra bites you but does no damage. x2
The six-headed hydra bites you.
* * * LOW HITPOINT WARNING * * *
The eight-headed hydra bites you!
* * * LOW HITPOINT WARNING * * *
The eight-headed hydra bites you but does no damage. x3
You block the eight-headed hydra's attack.
The eight-headed hydra bites you but does no damage. x2
The eight-headed hydra bites you!
You die...

.# ###. . ......# .#
#..## .##..⌠..# ###
#..####..(...# ..#
#...........# ..#
######......⌠..!.
..###.##.+......(..#
..##P.......+.....##
[.'...####..#..D#.##
..##### #...##.#@D.#
..# ##.........# ..#
#.####.##### ### ###
###


You could see an eight-headed hydra and a six-headed hydra.

Vanquished Creatures
  A two-headed ogre (D:8)
  Maurice (D:8)
  A komodo dragon (Lair:1)
  A hornet (D:8)
  A shadow (D:9)
  A wyvern (D:9)
  2 basilisks (D:8)
  A steam dragon (D:8)
  3 water moccasins
  2 orc warriors
  2 sky beasts (D:7)
  2 ice beasts (D:6)
  A black bear (D:4)
  A centaur (D:5)
  An ogre (D:6)
  2 phantoms
  3 kobold brigands (Sewer)
  4 bullfrogs
  2 necrophages
  3 scorpions
  3 wights (D:7)
  4 killer bees (D:6)
  4 jellies
  6 orc priests
  A hound (D:5)
  A gnoll bouda (D:3)
  4 iguanas
  Natasha (thrice) (D:4)
  3 orc wizards
  20 adders
  11 gnolls
  2 river rats (Sewer)
  3 white imps
  An ufetubus (D:5)
  10 worms
  2 dart slugs
  19 orcs
  5 bats
  16 endoplasms
  A giant cockroach (D:3)
  7 goblins
  9 hobgoblins
  A jackal (D:7)
  3 quokkas
  18 ball pythons
  5 frilled lizards
  6 kobolds
  7 rats
210 creatures vanquished.

Vanquished Creatures (others)
  A deep elf pyromancer (D:8)
  5 fungi
  4 plants
10 creatures vanquished.

Grand Total: 220 creatures vanquished

Notes
Turn   | Place    | Note
-------+----------+-------------------------------------------
     0 | D:1      | ThatPearl the Gargoyle Monk began the quest for the Orb.
     0 | D:1      | Reached XP level 1. HP: 14/14 MP: 1/1
   341 | D:1      | Reached XP level 2. HP: 19/19 MP: 2/2
  1220 | D:2      | Reached skill level 4 in Fighting
  1220 | D:2      | Reached XP level 3. HP: 24/24 MP: 3/3
  1362 | D:2      | Reached XP level 4. HP: 30/30 MP: 4/4
  2413 | D:3      | Found a blossoming altar of Fedhas.
  2421 | D:3      | Found Wirod's Weapon Boutique.
  2504 | D:3      | Reached XP level 5. HP: 18/34 MP: 5/5
  2516 | D:3      | Reached skill level 5 in Fighting
  2826 | D:3      | You fall into a shaft and drop 3 floors!
  2879 | D:6      | Found a glowing drain.
  2914 | Sewer    | Entered a sewer
  3162 | Sewer    | Noticed a kobold brigand
  3199 | Sewer    | Killed a kobold brigand
  3200 | Sewer    | Reached XP level 6. HP: 21/40 MP: 6/6
  3900 | Sewer    | Reached skill level 6 in Fighting
  3900 | Sewer    | Reached skill level 5 in Axes
  4267 | Sewer    | Reached XP level 7. HP: 47/47 MP: 7/7
  4431 | D:5      | Entered Level 5 of the Dungeon
  4601 | D:5      | Found a shadowy altar of Dithmenos.
  4828 | D:4      | Got the Compendium of the Escort and the Iceberg
  4853 | D:3      | Found an iron altar of Okawaru.
  4862 | D:3      | Found an ornate altar of the Wu Jian Council.
  4915 | D:3      | Found a faded altar of an unknown god.
  5314 | D:3      | Reached skill level 7 in Fighting
  5413 | D:3      | Found a glowing golden altar of the Shining One.
  5834 | D:4      | Noticed Natasha
  5856 | D:4      | Killed Natasha
  6194 | D:4      | Found a staircase to the Ecumenical Temple.
  6204 | Temple   | Entered the Ecumenical Temple
  6223 | Temple   | Became a worshipper of Cheibriados the Contemplative
  6223 | Temple   | Reached * piety under Cheibriados
  6223 | Temple   | Reached ** piety under Cheibriados
  6276 | D:4      | Reached skill level 1 in Invocations
  6276 | D:4      | Reached XP level 8. HP: 33/53 MP: 8/8
  6474 | D:4      | Noticed Natasha
  6492 | D:4      | Killed Natasha
  6682 | D:4      | Noticed Natasha
  6701 | D:4      | Killed Natasha
  7027 | D:5      | Reached skill level 1 in Shields
  8212 | D:6      | Reached skill level 8 in Fighting
  8902 | D:6      | Identified the amulet of Life {RegenMP rC+}
  9320 | D:6      | Reached *** piety under Cheibriados
  9329 | D:6      | Reached XP level 9. HP: 60/60 MP: 11/11
  9356 | D:6      | Learned a level 3 spell: Stone Arrow
  9361 | D:6      | Learned a level 4 spell: Animate Armour
 10085 | D:7      | Reached skill level 9 in Fighting
 10087 | D:7      | Reached **** piety under Cheibriados
 10091 | D:7      | Reached skill level 5 in Invocations
 10333 | D:7      | Reached skill level 1 in Armour
 10333 | D:7      | Reached skill level 5 in Shields
 10594 | D:7      | Found a shimmering altar of Xom.
 10649 | D:8      | Noticed a two-headed ogre
 10649 | D:8      | Noticed a deep elf pyromancer
 10658 | D:8      | Killed a deep elf pyromancer
 10659 | D:8      | Reached XP level 10. HP: 56/66 MP: 12/14
 10662 | D:8      | Killed a two-headed ogre
 11032 | D:8      | Found a staircase to the Lair.
 11049 | Lair:1   | Entered Level 1 of the Lair of Beasts
 11250 | D:8      | Found a burning altar of Makhleb.
 11328 | D:8      | Found a bloodstained altar of Trog.
 11473 | D:8      | Noticed Maurice
 11776 | D:8      | Killed Maurice
 11777 | D:8      | Reached skill level 10 in Fighting
 12004 | D:8      | Found a runed translucent door.
 12011 | D:8      | Noticed croobank's ghost (novice OpDe)
 12011 | D:8      | Noticed a cyclops
 12146 | D:9      | Found Syrchip's Weapon Shoppe.
 12308 | Lair:1   | Noticed an eight-headed hydra
 12320 | Lair:1   | Noticed Erica
 12324 | Lair:1   | Noticed a six-headed hydra
 12338 | Lair:1   | Slain by an eight-headed hydra

Illustrated notes

Levels and vault maps discovered:
D:1:      tarquinn_simple_flora_water_c, layout_basic
D:2:      layout_basic, amcnicky_mini_pool_small, small_statue_intersection,
          serial_bayou_crossing
D:3:      minmay_evil_eye, layout_basic, nicolae_overflow_crystal_walls,
          nicolae_tso_swordbearing_angel, mainiacjoe_overflow_swirl,
          dreamdust_ecumenical_altar_grove, serial_shops, shop,
          nicolae_kite_square_tiling_tiny, chequers_avenue,
          minmay_misc_feat_tiny, mrwooster_statue_mirror, kennysheep_path_1,
          nicolae_grassy_gnolls
D:4:      layout_basic, minmay_temple_entry_statues_pillars, uniq_natasha
D:5:      layout_basic, grunt_dithmenos_smoke_and_mirrors
D:6:      layout_basic, cheibrodos_sewer_entry_bend, hex_large
D:7:      layout_cave_pools, tgw_xom
D:8:      layout_loops_ring, mainiacjoe_overflow_catwalk_spiral,
          lair_entry_dummy, ebering_ghost_inner_flame, kb_rosetta, uniq_maurice
D:9:      layout_loops_ring, nicolae_take_the_stairs, uniq_grum
Temple:   nicolae_temple_bog_church
Lair:1:   layout_roguey, minmay_lair_oklob_bushes, grunt_megastairs_3,
          uniq_erica

Skill      XL: |  1  2  3  4  5  6  7  8  9 10 |
---------------+-------------------------------+-----
Axes           | 3 4 5 6 7 8 |  8.5
Fighting       | 4 5 6 7 8 9 10 | 10.2
Invocations    | 1 3 5 6 |  6.9
Shields        | 3 5 |  5.8
Armour         | 2 4 |  4.4
Dodging        | 3 |  3.4
Stealth        | |  2.1

Action                   |  1- 3 |  4- 6 |  7- 9 | 10-12 || total
-------------------------+-------+-------+-------+-------++-------
Melee: Hand axe          |   118 |   327 |   169 |       ||   614
       Punch             |     1 |       |    10 |       ||    11
       Short sword       |       |    20 |   228 |       ||   248
       War axe           |       |       |   128 |       ||   128
       Battleaxe         |       |       |     1 |    75 ||    76
       Spear             |       |       |       |     8 ||     8
Throw: Stone             |     8 |     5 |       |       ||    13
       Dart              |       |    14 |     3 |    11 ||    28
Invok: Slouch            |       |       |       |     1 ||     1
  Use: Scroll            |       |     6 |     4 |     7 ||    17
       Potion            |       |       |     2 |     1 ||     3
 Stab: Sleeping          |       |     4 |     3 |     1 ||     8
       Invisible         |       |       |     3 |       ||     3
Armor: Ring mail         |    66 |   135 |   238 |     4 ||   443
       Steam dragon scal |       |       |       |    27 ||    27
       Scale mail        |       |       |       |    23 ||    23
Dodge: Dodged            |    84 |   162 |   291 |    61 ||   598
Block: Other             |       |    34 |   119 |    16 ||   169
       Reflection        |       |       |     6 |       ||     6
       Buckler           |       |       |    27 |       ||    27
